 Dungeon Crawl Stone Soup version 0.31-a0-145-g046c7d2549 (webtiles) character file.

Game seed: 15638203861444761419

107 marky1606 the Insei (level 4, -5/35 HPs)
             Began as a Demonspawn Monk on June 6, 2023.
             Slain by a goblin
             ... wielding a +0 club
             ... led by Robin
              (6 damage)
             ... on level 3 of the Dungeon.
             The game lasted 00:05:20 (2189 turns).

marky1606 the Insei (Demonspawn Monk)               Turns: 2189, Time: 00:05:21

Health: -5/35      AC:  2    Str: 11    XL:     4   Next: 57%
Magic:  13/13      EV: 13    Int: 11    God:
Gold:   157        SH:  4    Dex: 18    Spells: 3/3 levels left

rFire   . .          .
                       - Unarmed
rCold   . . .        c - orb {light}
rNeg    . . .        a - +0 robe
rPois   .            (no helmet)
rElec   .            (no cloak)
rCorr   +            (no gloves)
SInv    .            (no boots)
Will    .....        (no amulet)
Stlth   +            l - ring of resist corrosion
HPRegen 0.25/turn    o - ring of magical power
MPRegen 0.26/turn

%: no passive effects
@: glowing
A: large bone plates 1, magic regeneration
a: no special abilities


You were on level 3 of the Dungeon.
You visited 1 branch of the dungeon, and saw 3 of its levels.

You collected 157 gold pieces.

Inventory:

Armour
 a - a +0 robe (worn)
 c - an orb of light (worn)
Jewellery
 l - a ring of resist corrosion (left hand)
 o - a ring of magical power (right hand)
Scrolls
 b - a scroll of magic mapping {unknown}
 d - a scroll of fear {unknown}
 e - a scroll of torment {unknown}
 h - a scroll of amnesia {unknown}
 j - 4 scrolls of identify {unknown}
 m - a scroll of silence {unknown}
 q - 2 scrolls of teleportation {unknown}
 r - a scroll of poison {unknown}
Potions
 f - 2 potions of curing {unknown}
 g - 3 potions of brilliance {unknown}
 i - a potion of degeneration {unknown}
 k - a potion of heal wounds {unknown}
 n - a potion of enlightenment {unknown}
 p - a potion of attraction {unknown}


   Skills:
 + Level 3.3 Fighting
 * Level 3.6 Dodging
 + Level 0.1 Shields
 + Level 4.0 Unarmed Combat


You had 3 spell levels left.
You didn't know any spells.
Your spell library was empty.

Dungeon Overview and Level Annotations

Branches:
Dungeon (3/15)

Altars:

Annotations:
D:3 Robin


Innate Abilities, Weirdness & Mutations

You are partially covered in large bone plates. (SH +4)
You regenerate magic rapidly.


Message History

Things that are here:
a +0 club; a goblin corpse The goblin attacks as you move away!
You block the goblin's attack. Robin throws the goblin at you!
* * * LOW HITPOINT WARNING * * *
The goblin barely misses you.
You hit the goblin.
The goblin is heavily wounded.
The goblin barely misses you. The goblin misses you.
You barely miss the goblin.
The goblin is heavily wounded.
The goblin closely misses you. The goblin misses you.
You hit the goblin.
You kill the goblin!
The goblin misses you. The goblin attacks as you move away!
The goblin completely misses you. Robin throws the goblin at you!
* * * LOW HITPOINT WARNING * * *
The goblin misses you.
Things that are here:
a +0 dagger; a goblin corpse You hit the goblin but do no damage.
The hobgoblin no longer looks unusually strong.
Robin roars a battlecry!
The hobgoblin goes into a battle-frenzy!
The goblin closely misses you. The goblin barely misses you.
You hit the goblin.
The goblin is severely wounded.
The goblin hits you but does no damage. The goblin barely misses you.
You hit the goblin.
You kill the goblin!
The goblin hits you with a +0 club.
* * * LOW HITPOINT WARNING * * *
Robin throws the goblin at you!
Your Unarmed Combat skill increases to level 4!
You hit the goblin.
You kill the goblin!
The goblin no longer looks unusually strong.
The goblin hits you with a +0 club.
You die...

#.# #.# ##### #.# #..[# #.#
#...# #.# ########...## #.#
#
..<.........#######g#.##g#.
.............)@ggggg.......
........###.#######g#.##.#.
#######...#.# #.# # ###.#)#
#.# ### #...#### #.# ..#
#########....# #.# #.#
#.........##.# #.#
#.###.........# # #.#
...##.......>.#


You could see Robin, a hobgoblin (strong) and 5 goblins.

Vanquished Creatures
  A gnoll (D:1)
  3 adders
  2 worms (D:2)
  A dart slug (D:2)
  7 endoplasms
  A giant cockroach (D:2)
  11 goblins
  A hobgoblin (D:2)
  8 jackals
  5 kobolds
  3 quokkas
  2 ball pythons
  4 bats
  11 rats
60 creatures vanquished.

Notes
Turn   | Place    | Note
-------+----------+-------------------------------------------
     0 | D:1      | marky1606 the Demonspawn Monk began the quest for the Orb.
     0 | D:1      | Reached XP level 1. HP: 18/18 MP: 1/1
   119 | D:1      | Gained mutation: You regenerate magic rapidly. [demonic
                  | ancestry]
   119 | D:1      | Reached XP level 2. HP: 18/24 MP: 2/2
   187 | D:1      | Reached skill level 3 in Unarmed Combat
   430 | D:1      | Reached XP level 3. HP: 25/29 MP: 3/3
   895 | D:2      | Found a faded altar of an unknown god.
  1108 | D:2      | Gained mutation: You are partially covered in large bone
                  | plates. (SH +4) [demonic ancestry]
  1108 | D:2      | Reached XP level 4. HP: 9/35 MP: 4/4
  1122 | D:2      | HP: 1/35 [jackal (2)]
  2167 | D:3      | Noticed Robin
  2188 | D:3      | HP: 1/35 [goblin/+0 club[Robin] (3)]
  2189 | D:3      | Reached skill level 4 in Unarmed Combat
  2189 | D:3      | Slain by a goblin

Illustrated notes

Levels and vault maps discovered:
D:1:      spicycebolla_green_bress_n_ham_2, layout_loops_ring,
          minmay_rat_gold_closets
D:2:      layout_basic, hellmonk_ecumenical_altar_arch_garden,
          minmay_increasing_density
D:3:      layout_basic, nicolae_dithmenos_the_darkroom,
          minmay_misc_feat_hallway, uniq_robin

Skill      XL: |  1  2  3  4 |
---------------+-------------+-----
Dodging        | 3 |  3.6
Unarmed Combat | 3 4 |  4.0
Fighting       | |  3.3
Shields        | |  0.1

Action                     |  1- 3 |  4- 6 || total
---------------------------+-------+-------++-------
  Melee: Unarmed           |   121 |    80 ||   201
    Use: Potion            |     1 |       ||     1
   Stab: Sleeping          |     1 |     1 ||     2
 Armour: Robe              |    26 |    10 ||    36
  Dodge: Dodged            |    91 |    41 ||   132
  Block: Orb               |       |    12 ||    12

Table legend: (Time is in decaauts)
 A = Elapsed time spent in this place.
 B = Non-inter-level travel time spent in this place.
 C = Inter-level travel time spent in this place.
 D = Time resting spent in this place.
 E = Time spent auto-exploring this place.
 F = Levels seen in this place.
 G = Mean time per level.
                   A        B        C        D        E       F      G
               +--------+--------+--------+--------+--------+-----+--------+
         Total |   2178 |   2118 |     60 |    313 |   1376 |   3 |  726.0 |
       Dungeon |   2178 |   2118 |     60 |    313 |   1376 |   3 |  726.0 |
               +--------+--------+--------+--------+--------+-----+--------+

Top non-repeatable levels by time:
     D:2: 1297 daAuts
     D:1: 788 daAuts
     D:3: 93 daAuts
